 Dungeon Sprint DCSS version 0.27-a0-1137-g3ef0f4ec91 (webtiles) character file.

Game seed: 581196962195806185

639 mhtbhm the Arsonist (level 7, -7/37 HPs)
             Began as a Deep Elf Fire Elementalist on May 7, 2021.
             Was an Elder of Vehumet.
             Mangled by a swamp dragon (14 damage)
             ... in the Dungeon (Sprint VII: "The Pits").
             The game lasted 00:02:54 (778 turns).

mhtbhm the Arsonist (Deep Elf Fire Elementalist)     Turns: 778, Time: 00:02:54

Health: -7/37      AC:  2    Str:  5    XL:     7   Next: 25%
Magic:  11/23      EV: 15    Int: 22    God:    Vehumet [****..]
Gold:   0          SH:  0    Dex: 15    Spells: 8/27 levels left

rFire    . . .     SeeInvis .   k - +1 quarterstaff (protect)
rCold    . . .     Faith    .   (shield currently unavailable)
rNeg     . . .     Spirit   .   a - +0 robe
rPois    .         Reflect  .   (no helmet)
rElec    .         Harm     .   (no cloak)
rCorr    .         Rampage  .   (no gloves)
Will     .....     NoTele   +   (no boots)
Stlth    ++........             (no amulet)
HPRegen  0.12/turn              (no ring)
MPRegen  0.18/turn              (no ring)

@: lethally poisoned (-7 -> -43)
A: no striking features
a: Renounce Religion


You were in the Dungeon.
You worshipped Vehumet.
Vehumet was greatly pleased with you.
You visited 1 branch

Inventory:

Hand Weapons
 k - a +1 quarterstaff of protection (weapon)
Armour
 a - a +0 robe (worn)
Scrolls
 h - a scroll of blinking
 i - 5 scrolls of amnesia
Potions
 b - 2 potions of invisibility
 c - 4 potions of curing
 d - 2 potions of heal wounds
 e - a potion of haste
 f - 4 potions of magic
 g - 2 potions of berserk rage


   Skills:
 - Level 0.4 Fighting
 + Level 1.5 Staves
 + Level 6.7 Dodging
 - Level 2.5 Stealth
 + Level 10.8 Spellcasting
 + Level 6.1 Conjurations
 + Level 12.2 Fire Magic


You had 8 spell levels left.
You knew the following spells:

 Your Spells              Type           Power      Damage    Failure   Level
a - Foxfire               Conj/Fire      100%       2x1d9     1%          1
b - Conjure Flame         Conj/Fire      51%        6-21      1%          3
c - Inner Flame           Hex/Fire       38%        N/A       1%          3
d - Sticky Flame          Conj/Fire      51%        2d7       1%          4
e - Fireball              Conj/Fire      25%        3d11      1%          5
f - Mephitic Cloud        Conj/Pois/Air  20%        N/A       2%          3

Your spell library contained the following spells:

 Spells                   Type           Power      Damage    Failure   Level


Dungeon Overview and Level Annotations

Branches:
Dungeon (1/1)

Altars:
Ashenzari
Cheibriados
Dithmenos
Elyvilon
Fedhas
Gozag
Hepliaklqana
Kikubaaqudgha
Makhleb
Nemelex Xobeh
Okawaru
Qazlal
Ru
Sif Muna
Trog
Uskayaw
Vehumet
Wu Jian
Xom
Yredelemnul
Zin
The Shining One
Beogh
Jiyva
Lugonu


Message History

Unknown command.
Casting: Sticky Flame (safe; 1% risk of failure)
Confirm with . or Enter, or press ? or * to list all spells.
Aiming: Sticky Flame (safe; 1% risk of failure)
Press: ? - help, Shift-Dir - straight line, f/p - swamp dragon
Aim: a swamp dragon (heavily wounded, covered in liquid flames, 100% to hit)
The sticky flame hits the swamp dragon!
The swamp dragon is heavily wounded.
The swamp dragon is covered in liquid flames!
The swamp dragon burns!
The swamp dragon bites you! The swamp dragon barely misses you.
The swamp dragon misses you.
Unknown command.
Unknown command.
You feel better.
The swamp dragon burns!
The swamp dragon breathes poison at you.
The blast of poison engulfs you!
You are poisoned.
* * * LOW HITPOINT WARNING * * *
Unknown command.
You feel better.
You are engulfed in poison gas.
You are lethally poisoned!
* * * LOW HITPOINT WARNING * * *
You feel very sick.
The swamp dragon burns!
The swamp dragon bites you.
* * * LOW HITPOINT WARNING * * *
The swamp dragon misses you. x2
You feel much better.
You are engulfed in poison gas.
You are lethally poisoned!
You feel extremely sick.
The swamp dragon burns!
The swamp dragon bites you!
* * * LOW HITPOINT WARNING * * *
The swamp dragon completely misses you. The swamp dragon tramples you.
* * * LOW HITPOINT WARNING * * *
You hold your ground!
Okay, then.
You feel much better.
You are engulfed in poison gas.
You are more poisoned.
* * * LOW HITPOINT WARNING * * *
You feel extremely sick.
The swamp dragon burns!
The swamp dragon bites you!
You die...

#)#..#.)))[##.......#
#'###########.......#
#.......# #########
#...#...# #...#...#
#.##.##.#+#
#...#.☼.#○+
#...#○§°#D#
#.....○☼○@#
###########


You could see a swamp dragon (burning, catching breath).

Vanquished Creatures
  A flying skull (D)
  A fire bat (D)
  2 floating eyes (D)
  An ogre (D)
  A quasit (D)
  A jelly (D)
  An endoplasm (D)
  A giant cockroach (D)
  A goblin (D)
  4 jackals (D)
  A ball python zombie (D)
  2 rats (D)
17 creatures vanquished.

Vanquished Creatures (collateral kills)
  2 river rats (D)
2 creatures vanquished.

Vanquished Creatures (others)
  35 foxfires (D)
35 creatures vanquished.

Grand Total: 54 creatures vanquished

Notes
Turn   | Place    | Note
-------+----------+-------------------------------------------
     0 | D        | mhtbhm the Deep Elf Fire Elementalist began the quest for
                  | the Orb.
     0 | D        | Reached XP level 1. HP: 10/10 MP: 6/6
    22 | D        | Found a bloodstained altar of Trog.
    22 | D        | Found a shimmering blue altar of Sif Muna.
    22 | D        | Found a viscous altar of Jiyva.
    22 | D        | Found a hazy altar of Hepliaklqana.
    22 | D        | Found an opulent altar of Gozag.
    23 | D        | Found a glowing golden altar of the Shining One.
    23 | D        | Found a glowing silver altar of Zin.
    23 | D        | Found a basalt altar of Yredelemnul.
    23 | D        | Found a shimmering altar of Xom.
    23 | D        | Found an ornate altar of the Wu Jian Council.
    23 | D        | Found a sacrificial altar of Ru.
    23 | D        | Found a stormy altar of Qazlal.
    23 | D        | Found an iron altar of Okawaru.
    23 | D        | Found a sparkling altar of Nemelex Xobeh.
    23 | D        | Found a burning altar of Makhleb.
    23 | D        | Found a blossoming altar of Fedhas.
    23 | D        | Found a white marble altar of Elyvilon.
    23 | D        | Found a shadowy altar of Dithmenos.
    23 | D        | Found a snail-covered altar of Cheibriados.
    25 | D        | Found a radiant altar of Vehumet.
    25 | D        | Found a corrupted altar of Lugonu.
    26 | D        | Found a hide-covered altar of Uskayaw.
    26 | D        | Found an ancient bone altar of Kikubaaqudgha.
    26 | D        | Found a broken altar of Ashenzari.
    33 | D        | Became a worshipper of Vehumet
    75 | D        | Noticed a floating eye
    83 | D        | Paralysed by a floating eye for 2 turns
    88 | D        | Killed a floating eye
    89 | D        | Reached skill level 8 in Fire Magic
    89 | D        | Reached XP level 2. HP: 15/15 MP: 2/11
    89 | D        | Reached XP level 3. HP: 19/19 MP: 2/12
    89 | D        | Reached XP level 4. HP: 24/24 MP: 2/14
    93 | D        | Learned a level 3 spell: Conjure Flame
    97 | D        | Learned a level 3 spell: Inner Flame
   102 | D        | Learned a level 4 spell: Sticky Flame
   287 | D        | Reached * piety under Vehumet
   287 | D        | Offered knowledge of Sandblast by Vehumet.
   302 | D        | Reached ** piety under Vehumet
   356 | D        | Noticed a floating eye
   364 | D        | Paralysed by a floating eye for 3 turns
   365 | D        | Killed a floating eye
   366 | D        | Reached skill level 5 in Dodging
   366 | D        | Reached skill level 10 in Fire Magic
   366 | D        | Reached XP level 5. HP: 28/28 MP: 12/17
   401 | D        | Reached *** piety under Vehumet
   446 | D        | Learned a level 5 spell: Fireball
   478 | D        | Noticed a flying skull
   478 | D        | Noticed an ogre
   493 | D        | Killed a flying skull
   493 | D        | Offered knowledge of Static Discharge by Vehumet.
   494 | D        | Reached skill level 11 in Fire Magic
   494 | D        | Reached XP level 6. HP: 33/33 MP: 10/20
   500 | D        | Reached **** piety under Vehumet
   513 | D        | Noticed a fire bat
   517 | D        | Reached skill level 5 in Conjurations
   522 | D        | Killed a fire bat
   523 | D        | Reached skill level 1 in Staves
   523 | D        | Reached skill level 10 in Spellcasting
   523 | D        | Reached skill level 12 in Fire Magic
   523 | D        | Reached XP level 7. HP: 18/37 MP: 3/23
   732 | D        | Offered knowledge of Mephitic Cloud by Vehumet.
   768 | D        | Learned a level 3 spell: Mephitic Cloud
   771 | D        | Noticed a swamp dragon
   777 | D        | HP: 1/37 [swamp dragon (1)]
   778 | D        | Mangled by a swamp dragon

Illustrated notes

Levels and vault maps discovered:
D:        pitsprint [storerooms_1, entrance_room_1, metal_vault_6, armoury_2,
          mini_pit_1, grid_room_1, main_hall_1, silver_pit, the_coven_3,
          the_vestibule_1, steel_vault_3, golden_pit, hallway_of_sentries,
          crystal_vault_2, iron_vault_1, final_vault]

Skill      XL: |  1  2  3  4  5  6  7 |
---------------+----------------------+-----
Dodging        | 4 5 6 |  6.7
Spellcasting   | 6 7 9 10 | 10.8
Conjurations   | 2 3 4 5 6 |  6.1
Fire Magic     | 8 10 11 12 | 12.2
Staves         | 1 |  1.5
Fighting       | |  0.4
Stealth        | |  2.5

Action                   |  1- 3 |  4- 6 |  7- 9 || total
-------------------------+-------+-------+-------++-------
Melee: Quarterstaff      |       |     5 |     5 ||    10
 Cast: Foxfire           |     7 |    18 |     1 ||    26
       Sticky Flame      |       |     5 |     2 ||     7
       Fireball          |       |     1 |     2 ||     3
  Use: Potion            |       |     3 |     4 ||     7
       Scroll            |       |     1 |       ||     1
Armor: Robe              |       |     4 |     4 ||     8
Dodge: Dodged            |       |    21 |    17 ||    38

Table legend: (Time is in decaauts)
 A = Elapsed time spent in this place.
 B = Non-inter-level travel time spent in this place.
 C = Inter-level travel time spent in this place.
 D = Time resting spent in this place.
 E = Time spent auto-exploring this place.
 F = Levels seen in this place.
 G = Mean time per level.
                   A        B        C        D        E       F      G
               +--------+--------+--------+--------+--------+-----+--------+
         Total |    790 |    790 |      0 |    450 |     30 |   1 |  790.0 |
       Dungeon |    790 |    790 |      0 |    450 |     30 |   1 |  790.0 |
               +--------+--------+--------+--------+--------+-----+--------+

Top non-repeatable levels by time:
       D: 790 daAuts
